 Dungeon Crawl Stone Soup version 0.31-a0-217-g58bb5d79cf (webtiles) character file.

Game seed: 14995610337968504203

49065 qw the Peltast (level 14, 0/88 HPs)
             Began as a Gargoyle Fighter on July 2, 2023.
             Was a Priest of Okawaru.
             Slain by a tengu warrior
             ... wielding a +3 long sword
             ... summoned by a boggart
              (10 damage)
             ... on level 13 of the Dungeon.
             The game lasted 00:09:51 (18741 turns).

qw the Peltast (Gargoyle Fighter)                  Turns: 18741, Time: 00:09:52

Health: 0/88       AC: 39    Str: 24    XL:     14   Next: 49%
Magic:  21/21      EV:  9    Int: 10    God:    Okawaru [***...]
Gold:   1722       SH: 20    Dex:  9    Spells: 13/13 levels left

rFire   . . .        t - +2 morningstar
rCold   . . .        b - +0 tower shield
rNeg    + . .        e - +2 plate armour
rPois   inf          q - +2 helmet
rElec   +            g - +2 cloak
rCorr   .            f - +2 pair of gloves
SInv    +            (no boots)
Will    +....        (no amulet) Stlth
                     m - ring of see invisible
HPRegen 0.34/turn    (no ring)
MPRegen 0.17/turn

%: no passive effects
@: about to teleport, heroic, flying
A: sickness immunity, AC +10, big wings, negative energy resistance 1,
electricity resistance, torment resistance 1, petrification resistance, mutation
resistance 1
a: Renounce Religion, Heroism


You were on level 13 of the Dungeon.
You worshipped Okawaru.
Okawaru was most pleased with you.
You visited 2 branches of the dungeon, and saw 18 of its levels.
You also visited: Sewer.

You collected 1780 gold pieces.
You spent 58 gold pieces at shops.


Innate Abilities, Weirdness & Mutations

You are immune to sickness and miasma.
Your stone body is resilient. (AC +10)
You are immune to poison.
Your large and strong wings let you fly.
You resist negative energy. (rN+)
You are resistant to electric shocks. (rElec)
You are resistant to unholy torment.
You are immune to petrification.
You are somewhat resistant to further mutation.


   Skills:
 - Level 10.1(15.1) Fighting
 - Level 13.0(18.0) Axes
 - Level 5.0(10.0) Throwing
 + Level 9.0(14.0) Armour
 - Level 2.4(7.4) Dodging
 - Level 15.0(20.0) Shields
 - Level 10.0 Invocations


You had 13 spell levels left.
You didn't know any spells.
Your spell library was empty.

Inventory:

Hand Weapons
 t - a +2 morningstar (weapon)
 Y - a +3 broad axe
Missiles
 s - 10 boomerangs (quivered)
Armour
 b - a +0 tower shield (worn)
 e - a +2 plate armour (worn)
 f - a +2 pair of gloves (worn)
 g - a +2 cloak (worn)
 k - +0 acid dragon scales
 q - a +2 helmet (worn)
Jewellery
 a - a ring of fire
 m - a ring of see invisible (left hand)
 x - a ring of ice
 y - a ring of ice
Wands
 v - a wand of digging (11)
Scrolls
 u - 11 scrolls of identify
 w - a scroll of teleportation
Potions
 c - a potion of cancellation
 d - 3 potions of might
 h - a potion of attraction
 i - 8 potions of curing
 j - 5 potions of mutation
 l - a potion of magic
 n - 3 potions of haste
 p - 3 potions of resistance
 r - a potion of enlightenment
 z - 5 potions of lignification

Dungeon Overview and Level Annotations

Branches:
Dungeon (13/15)            Temple (0/1) D:5            Lair (5/5) D:10
  Swamp (0/4) Lair:2        Snake (0/4) Lair:3        Slime (0/5) Lair:5
    Orc (0/2) D:9           Sewer (visited)
 Vaults: D:13-14

Altars:
Elyvilon
Hepliaklqana
Makhleb
Nemelex Xobeh
Okawaru
Qazlal
Sif Muna
Uskayaw
Xom
Yredelemnul
Zin
The Shining One
Jiyva

Shops:
D:1 [

Annotations:
D:10 exclusions: obsidian statue and orange crystal statue
D:13 2 transporters, Ined's ghost, journeyman MiBe


Message History

You block the boggart's attack.
The vampire mosquito bites you but does no damage.
The tengu conjurer barely misses you.
The tengu conjurer pecks you but does no damage.
You block the tengu conjurer's attack. The tengu warrior barely misses you.
The tengu warrior pecks you but does no damage.
The tengu warrior closely misses you.
The vampire mosquito closely misses you.
The six-headed hydra bites you but does no damage. x2
You block the six-headed hydra's attack.
The six-headed hydra bites you.
The six-headed hydra bites you but does no damage. x2
You sock the six-headed hydra!
The six-headed hydra is almost dead.
The vampire mosquito bites you but does no damage.
You block the vampire mosquito's attack.
You block the boggart's attack. The vampire mosquito bites you.
The tengu conjurer hits you but does no damage.
You block the tengu conjurer's attack.
The tengu conjurer claws you but does no damage.
The tengu warrior hits you but does no damage.
The tengu warrior pecks you but does no damage.
You block the tengu warrior's attack.
The boggart hits you but does no damage.
18741 ||| READING 2 scrolls of teleportation.
As you read the scroll of teleportation, it crumbles to dust.
You feel strangely unstable.
You block the vampire mosquito's attack.
You block the six-headed hydra's attack.
The six-headed hydra bites you but does no damage.
The six-headed hydra closely misses you.
The six-headed hydra barely misses you.
The six-headed hydra bites you but does no damage.
The six-headed hydra bites you! The centaur warrior barely misses you.
You block the centaur warrior's attack.
The tengu conjurer hits you but does no damage.
The tengu conjurer pecks you but does no damage.
The tengu conjurer claws you but does no damage.
The tengu warrior hits you with a +3 long sword!
You die...

#############..#....
..
......^..........:..
.
...#...##..#..##.##
. ##.....#..........
#.
#.........##>##.##
#.##...............#
#....>.......##.####
#.#QQg.......##..#
#y@#...#..######
#Dc#####..# #yy#
#.... ##c# #..#~~
#T# #..###


#gg ccy #yy You could see a six-headed hydra (summoned), a tengu warrior
(summoned), a centaur warrior (summoned), a troll (summoned), a tengu conjurer
(summoned), 6 vampire mosquitoes, 3 centaurs and 3 boggarts.

Vanquished Creatures
  4 hydras
  Fannar (D:11)
  An ogre mage (D:9)
  3 catoblepae (Lair:5)
  2 boulder beetles
  A centaur warrior (D:10)
  10 death yaks
  2 skysharks
  A bog body (Lair:2)
  An oklob plant (Lair:2)
  A lindwurm (Lair:4)
  3 manticores
  An ugly thing (D:12)
  2 cyclopes
  3 black mambas
  10 cane toads
  A kobold demonologist (D:11)
  2 rime drakes
  10 komodo dragons
  4 trolls
  4 polar bears
  Grinder (D:5)
  Prince Ribbit (D:7)
  28 blink frogs
  2 slime creatures
  A vampire (D:9)
  4 wyverns
  A shadow (D:11)
  46 yaks
  Eustachio (D:6)
  2 steam dragons (D:9)
  3 basilisks
  Edmund (D:4)
  3 vampire mosquitoes
  2 nagas (Lair:3)
  2 acid dragons
  13 water moccasins
  Pargi (Sewer)
  An ice beast (D:5)
  4 orc warriors
  2 sky beasts
  A black bear (Lair:2)
  An ogre (D:4)
  5 centaurs (D:9)
  15 wolves
  2 phantoms
  2 kobold brigands
  8 bullfrogs
  A gnoll sergeant (D:9)
  5 scorpions
  14 wights
  11 killer bees
  An electric eel (Lair:1)
  3 howler monkeys
  A lava snake (D:12)
  6 hounds
  3 jellies
  4 orc priests
  8 iguanas
  11 orc wizards
  2 sleepcaps
  A centaur simulacrum (D:9)
  Robin (D:2)
  9 adders
  A shadow imp (D:5)
  3 worms (D:4)
  2 dart slugs
  28 orcs
  13 ball pythons
  8 endoplasms
  2 giant cockroaches
  12 goblins
  7 hobgoblins
  7 jackals
  13 kobolds
  8 quokkas
  5 bats
  9 frilled lizards
  5 rats (D:1)
  A butterfly (D:5)
425 creatures vanquished.

Vanquished Creatures (others)
  An orc priest (D:9)
1 creature vanquished.

Grand Total: 426 creatures vanquished

Notes
Turn   | Place    | Note
-------+----------+-------------------------------------------
     0 | D:1      | qw the Gargoyle Fighter began the quest for the Orb.
     0 | D:1      | Reached XP level 1. HP: 14/14 MP: 1/1
     0 | D:1      | 0 ||| qw: Version: 0.3-a-40-ge99b1a8
     0 | D:1      | 0 ||| qw: Game counter: 7957
     0 | D:1      | 0 ||| qw: Melee chars always use a shield: true
     0 | D:1      | 0 ||| qw: God list: Okawaru
     0 | D:1      | 0 ||| qw: Allow faded altars: false
     0 | D:1      | 0 ||| qw: Do Orc after clearing Dungeon:15 true
     0 | D:1      | 0 ||| qw: Do second Lair branch before Depths: true
     0 | D:1      | 0 ||| qw: Lair rune preference: random
     0 | D:1      | 0 ||| qw: Goals: Normal, Zot:1-4, Slime:5, God:TSO, Crypt,
                  | Tomb, Abyss, Pan, Hells, Win
     0 | D:1      | 0 ||| PLANNING D:1-11
    14 | D:1      | You fall into a shaft and drop 1 floor!
    40 | D:2      | 40 ||| READING scroll labelled XOOGONGI UBLU.
   161 | D:1      | 161 ||| Stepping ~*~*~tactically~*~*~ (stealth).
   166 | D:1      | Reached XP level 2. HP: 19/19 MP: 2/2
   423 | D:1      | Found Siastaupp's Armour Emporium.
   426 | D:1      | 426 ||| BUYING +0 kite shield (58 gold).
   426 | D:1      | Bought a +0 kite shield for 58 gold pieces
   426 | D:1      | 426 ||| SHOPLISTING +0 ring mail of fire resistance (143
                  | gold, have 16).
   426 | D:1      | 426 ||| SHOPLISTING +1 chain mail of willpower (214 gold,
                  | have 16).
   426 | D:1      | 426 ||| SHOPLISTING +2 leather armour of cold resistance
                  | (247 gold, have 16).
   426 | D:1      | 426 ||| SHOPLISTING +3 scale mail "Kigu" {Will- Str+4
                  | Int+4} (501 gold, have 16).
   525 | D:1      | Found a faded altar of an unknown god.
   597 | D:1      | 597 ||| UPGRADING to +0 kite shield.
   607 | D:1      | 607 ||| DROPPING +0 buckler.
   608 | D:1      | 608 ||| READING scroll labelled JETEKHL PEIXKA.
   709 | D:1      | 709 ||| READING scroll labelled MANNEA SURA.
   710 | D:1      | 710 ||| READING 4 scrolls labelled LIUPTA JONN.
   711 | D:1      | 711 ||| READING scroll labelled ZYSCHE UHOIW.
   712 | D:1      | 712 ||| DROPPING 3 scrolls of noise.
   726 | D:2      | 726 ||| STAIRDANCE
   733 | D:1      | Reached skill level 3 in Axes
   733 | D:1      | Reached XP level 3. HP: 22/23 MP: 3/3
   770 | D:2      | Noticed Robin
   784 | D:2      | Killed Robin
   820 | D:2      | Reached skill level 4 in Shields
   825 | D:2      | Reached XP level 4. HP: 28/28 MP: 4/4
   841 | D:2      | 841 ||| FLEEEEING.
   842 | D:2      | 842 ||| FLEEEEING.
   843 | D:2      | 843 ||| FLEEEEING.
   844 | D:2      | 844 ||| FLEEEEING.
  1771 | D:2      | 1771 ||| UPGRADING to +0 helmet.
  1776 | D:2      | 1776 ||| UPGRADING to ring of see invisible.
  1777 | D:2      | 1777 ||| READING scroll labelled ATIBBO LIRI.
  1778 | D:2      | 1778 ||| READING scroll labelled VELIMI LYTA.
  1781 | D:2      | 1781 ||| DRINKING 2 dark potions.
  1782 | D:2      | 1782 ||| DRINKING 3 golden potions.
  1782 | D:2      | Gained mutation: You are somewhat resistant to further
                  | mutation. [potion of mutation]
  1804 | D:3      | 1804 ||| PLANNING SEWER
  1943 | D:3      | Found a hazy altar of Hepliaklqana.
  2002 | D:3      | Found a hide-covered altar of Uskayaw.
  2174 | D:3      | Reached XP level 5. HP: 32/32 MP: 5/5
  2194 | D:3      | Found a glowing drain.
  2199 | Sewer    | Entered a sewer
  2308 | Sewer    | Noticed Pargi
  2344 | Sewer    | HP: 7/32 [Pargi (3)]
  2345 | Sewer    | 2345 ||| READING scroll of teleportation.
  2346 | Sewer    | 2346 ||| DRINKING potion of heal wounds.
  2369 | Sewer    | 2369 ||| READING scroll labelled KOSEUN JESAPN.
  2370 | Sewer    | 2370 ||| DRINKING 2 pink potions.
  2371 | Sewer    | 2371 ||| DRINKING 2 inky potions.
  2373 | Sewer    | 2373 ||| Stepping ~*~*~tactically~*~*~ (water).
  2402 | Sewer    | Killed Pargi
  2403 | Sewer    | Reached skill level 5 in Shields
  2403 | Sewer    | Reached XP level 6. HP: 29/37 MP: 6/6
  2479 | D:3      | 2479 ||| PLANNING D:1-11
  2550 | D:3      | Reached skill level 1 in Throwing
  2644 | D:3      | Identified the +2 robe of Darkness {Dex+3}
  3004 | D:3      | 3004 ||| READING scroll labelled HEZIN VIAV.
  3050 | D:4      | Found a basalt altar of Yredelemnul.
  3141 | D:4      | Found an iron altar of Okawaru.
  3142 | D:4      | 3142 ||| PLANNING OKAWARU WORSHIP
  3142 | D:4      | 3142 ||| UPGRADING to +0 chain mail.
  3163 | D:4      | 3163 ||| DROPPING +0 scale mail.
  3164 | D:4      | 3164 ||| READING scroll labelled EKLOEPL GORIQI.
  3165 | D:4      | 3165 ||| READING scroll labelled FEOSTARECYEFF.
  3166 | D:4      | 3166 ||| DRINKING 2 sedimented silvery potions.
  3172 | D:4      | Became a worshipper of Warmaster Okawaru
  3173 | D:4      | 3173 ||| PLANNING D:1-11
  3408 | D:4      | 3408 ||| UPGRADING to +0 tower shield.
  3416 | D:4      | 3416 ||| UPGRADING to +0 tower shield.
  3421 | D:4      | 3421 ||| DROPPING +0 kite shield.
  3451 | D:4      | Reached XP level 7. HP: 41/41 MP: 7/7
  3515 | D:4      | Reached skill level 6 in Shields
  3782 | D:4      | Reached skill level 7 in Shields
  3852 | D:4      | Noticed Edmund
  3869 | D:4      | Killed Edmund
  3869 | D:4      | Reached * piety under Okawaru
  3951 | D:4      | 3951 ||| DROPPING +0 club.
  4274 | D:4      | 4274 ||| DROPPING +6 ring of intelligence.
  4296 | D:5      | Entered Level 5 of the Dungeon
  4297 | D:5      | 4297 ||| Stepping ~*~*~tactically~*~*~ (hiding).
  4306 | D:5      | 4306 ||| INVOKING Heroism.
  4312 | D:5      | Reached skill level 8 in Shields
  4319 | D:5      | 4319 ||| FLEEEEING.
  4320 | D:5      | 4320 ||| FLEEEEING.
  4321 | D:5      | 4321 ||| STAIRDANCE
  4323 | D:4      | 4323 ||| INVOKING Heroism.
  4326 | D:4      | Reached XP level 8. HP: 29/46 MP: 5/8
  4390 | D:5      | Found a shimmering altar of Xom.
  4541 | D:5      | Reached skill level 1 in Invocations
  4580 | D:5      | Noticed Grinder
  4581 | D:5      | 4581 ||| Stepping ~*~*~tactically~*~*~ (hiding).
  4584 | D:5      | 4584 ||| INVOKING Heroism.
  4593 | D:5      | Paralysed by Grinder for 3 turns
  4599 | D:5      | 4599 ||| INVOKING Heroism.
  4603 | D:5      | Killed Grinder
  4604 | D:5      | Reached skill level 9 in Shields
  4695 | D:5      | 4695 ||| INVOKING Heroism.
  4696 | D:5      | 4696 ||| INVOKING Heroism.
  4772 | D:5      | 4772 ||| Stepping ~*~*~tactically~*~*~ (stealth).
  4793 | D:5      | 4793 ||| INVOKING Heroism.
  4914 | D:5      | Found a staircase to the Ecumenical Temple.
  5023 | D:5      | 5023 ||| UPGRADING to +2 helmet.
  5033 | D:5      | 5033 ||| DROPPING +0 helmet.
  5034 | D:5      | 5034 ||| DRINKING 2 grey potions.
  5204 | D:6      | 5204 ||| INVOKING Heroism.
  5214 | D:6      | Reached skill level 6 in Axes
  5375 | D:6      | Found a burning altar of Makhleb.
  5424 | D:6      | 5424 ||| Stepping ~*~*~tactically~*~*~ (stealth).
  5428 | D:6      | Noticed Eustachio
  5429 | D:6      | 5429 ||| Stepping ~*~*~tactically~*~*~ (stealth).
  5433 | D:6      | 5433 ||| INVOKING Heroism.
  5435 | D:6      | Reached skill level 1 in Dodging
  5448 | D:6      | 5448 ||| INVOKING Heroism.
  5450 | D:6      | Killed Eustachio
  5451 | D:6      | Reached skill level 10 in Shields
  5451 | D:6      | Reached XP level 9. HP: 44/52 MP: 7/10
  5609 | D:6      | 5609 ||| UPGRADING to +0 plate armour.
  5619 | D:6      | 5619 ||| DROPPING +0 chain mail.
  5620 | D:6      | 5620 ||| DRINKING 2 bubbling blue potions.
  5621 | D:6      | 5621 ||| READING 2 scrolls of identify.
  5621 | D:6      | 5621 ||| IDENTIFYING green potion
  5622 | D:6      | 5622 ||| DROPPING potion of invisibility.
  5700 | D:7      | Noticed a troll
  5701 | D:7      | 5701 ||| Stepping ~*~*~tactically~*~*~ (hiding).
  5703 | D:7      | 5703 ||| Stepping ~*~*~tactically~*~*~ (hiding).
  5711 | D:7      | 5711 ||| INVOKING Heroism.
  5722 | D:7      | HP: 12/52 [troll (7)]
  5723 | D:7      | 5723 ||| DRINKING potion of heal wounds.
  5727 | D:7      | Killed a troll
  5728 | D:7      | 5728 ||| INVOKING Heroism.
  5913 | D:7      | Noticed Prince Ribbit
  5914 | D:7      | 5914 ||| INVOKING Heroism.
  5928 | D:7      | Killed Prince Ribbit
  5929 | D:7      | Reached skill level 3 in Invocations
  5958 | D:7      | 5958 ||| Stepping ~*~*~tactically~*~*~ (stealth).
  6063 | D:7      | Found a glowing golden altar of the Shining One.
  6064 | D:7      | Found a white marble altar of Elyvilon.
  6065 | D:7      | Found a glowing silver altar of Zin.
  6324 | D:7      | 6324 ||| UPGRADING to +0 cloak.
  6372 | D:8      | Found a stormy altar of Qazlal.
  6413 | D:8      | 6413 ||| INVOKING Heroism.
  6416 | D:8      | 6416 ||| DRINKING 2 potions of curing.
  6416 | D:8      | 6416 ||| (to cure confusion)
  6431 | D:8      | 6431 ||| Stepping ~*~*~tactically~*~*~ (stealth).
  6445 | D:8      | Reached ** piety under Okawaru
  6692 | D:8      | 6692 ||| Stepping ~*~*~tactically~*~*~ (hiding).
  6693 | D:8      | 6693 ||| INVOKING Heroism.
  6701 | D:8      | Reached XP level 10. HP: 58/59 MP: 11/13
  6786 | D:8      | 6786 ||| Stepping ~*~*~tactically~*~*~ (stealth).
  6788 | D:8      | 6788 ||| Stepping ~*~*~tactically~*~*~ (stealth).
  6799 | D:8      | Reached skill level 11 in Shields
  6960 | D:8      | Reached *** piety under Okawaru
  7026 | D:8      | 7026 ||| DROPPING +4 heavy flail.
  7027 | D:8      | 7027 ||| READING scroll of enchant armour.
  7027 | D:8      | 7027 ||| ENCHANTING +0 cloak.
  7083 | D:8      | 7083 ||| DROPPING scarf of shadows.
  7084 | D:8      | 7084 ||| READING scroll labelled JAFI KUYPUDUOSK.
  7085 | D:8      | 7085 ||| READING scroll labelled NIOQER VEEX.
  7086 | D:8      | 7086 ||| DRINKING 2 bubbling puce potions.
  7087 | D:8      | 7087 ||| READING 4 scrolls of identify.
  7087 | D:8      | 7087 ||| IDENTIFYING purple potion
  7105 | D:9      | Identified the +9 dagger "Hufiwn" {freeze, *Rage rF+ Will++
                  | SInv}
  7162 | D:9      | 7162 ||| INVOKING Heroism.
  7175 | D:9      | Reached skill level 6 in Fighting
  7183 | D:9      | 7183 ||| INVOKING Heroism.
  7333 | D:9      | Found a staircase to the Orcish Mines.
  7352 | D:9      | Found a sparkling altar of Nemelex Xobeh.
  7421 | D:9      | Noticed a cyclops
  7422 | D:9      | 7422 ||| INVOKING Heroism.
  7431 | D:9      | Killed a cyclops
  7557 | D:9      | 7557 ||| Stepping ~*~*~tactically~*~*~ (hiding).
  7558 | D:9      | 7558 ||| INVOKING Heroism.
  7559 | D:9      | 7559 ||| Stepping ~*~*~tactically~*~*~ (stealth).
  7565 | D:9      | Reached skill level 9 in Axes
  7577 | D:9      | Noticed an ogre mage
  7583 | D:9      | 7583 ||| INVOKING Heroism.
  7597 | D:9      | Paralysed by an ogre mage for 2 turns
  7601 | D:9      | Killed an ogre mage
  7601 | D:9      | Reached **** piety under Okawaru
  7602 | D:9      | Reached skill level 12 in Shields
  7602 | D:9      | Reached XP level 11. HP: 33/64 MP: 14/14
  7609 | D:9      | Received a gift from Okawaru
  7615 | D:9      | 7615 ||| INVOKING Heroism.
  7735 | D:9      | 7735 ||| SWAPPING to +0 broad axe.
  7736 | D:9      | 7736 ||| DROPPING +1 war axe.
  7737 | D:9      | 7737 ||| READING scroll of enchant armour.
  7737 | D:9      | 7737 ||| ENCHANTING +1 cloak.
  7784 | D:9      | 7784 ||| READING scroll of enchant weapon.
  7784 | D:9      | 7784 ||| ENCHANTING +0 broad axe.
  7916 | D:9      | 7916 ||| INVOKING Heroism.
  7924 | D:9      | Reached skill level 3 in Throwing
  7948 | D:9      | Reached skill level 6 in Armour
  8222 | D:9      | 8222 ||| INVOKING Heroism.
  8324 | D:9      | 8324 ||| Stepping ~*~*~tactically~*~*~ (hiding).
  8326 | D:9      | 8326 ||| Stepping ~*~*~tactically~*~*~ (hiding).
  8846 | D:9      | 8846 ||| DROPPING scarf of harm.
  8847 | D:9      | 8847 ||| READING 3 scrolls labelled RENNETUORO.
  8848 | D:9      | 8848 ||| READING 7 scrolls of identify.
  8848 | D:9      | 8848 ||| IDENTIFYING metallic cyan potion
  8849 | D:9      | 8849 ||| READING 6 scrolls of identify.
  8849 | D:9      | 8849 ||| IDENTIFYING fuming green potion
  8850 | D:9      | 8850 ||| DROPPING 2 scrolls of amnesia.
  8851 | D:9      | 8851 ||| DROPPING potion of degeneration.
  8888 | D:10     | Entered Level 10 of the Dungeon
  8941 | D:10     | Identified the +0 scale mail of Padestem {rF+ rN+ Int+3
                  | Dex-5}
  8944 | D:10     | 8944 ||| Stepping ~*~*~tactically~*~*~ (stealth).
  8945 | D:10     | 8945 ||| Stepping ~*~*~tactically~*~*~ (stealth).
  8946 | D:10     | 8946 ||| Stepping ~*~*~tactically~*~*~ (stealth).
  8947 | D:10     | 8947 ||| Stepping ~*~*~tactically~*~*~ (stealth).
  8949 | D:10     | 8949 ||| Stepping ~*~*~tactically~*~*~ (hiding).
  8950 | D:10     | 8950 ||| Stepping ~*~*~tactically~*~*~ (hiding).
  8952 | D:10     | 8952 ||| Stepping ~*~*~tactically~*~*~ (hiding).
  8954 | D:10     | 8954 ||| Stepping ~*~*~tactically~*~*~ (hiding).
  8992 | D:10     | Noticed an obsidian statue
  8992 | D:10     | Noticed an orange crystal statue
  8993 | D:10     | 8993 ||| INVOKING Heroism.
  8995 | D:10     | Noticed a sun demon
  9006 | D:10     | 9006 ||| DRINKING 2 potions of curing.
  9006 | D:10     | 9006 ||| (to cure confusion)
  9009 | D:10     | 9009 ||| DRINKING potion of curing.
  9009 | D:10     | 9009 ||| (to cure confusion)
  9013 | D:10     | HP: 11/67 [wight/+0 halberd[an orange crystal statue] (10)]
  9014 | D:10     | Noticed a sixfirhy
  9014 | D:10     | 9014 ||| READING scroll of teleportation.
  9253 | D:10     | Found a shimmering blue altar of Sif Muna.
  9293 | D:10     | 9293 ||| READING scroll of enchant armour.
  9293 | D:10     | 9293 ||| ENCHANTING +0 plate armour.
  9332 | D:10     | Found a staircase to the Lair.
  9340 | D:10     | 9340 ||| INVOKING Heroism.
  9600 | D:10     | Noticed a centaur warrior
  9605 | D:10     | 9605 ||| INVOKING Heroism.
  9613 | D:10     | Killed a centaur warrior
  9769 | D:10     | Identified the +3 spear of the Globe {elec, rN+}
 10002 | D:10     | 10002 ||| PLANNING LAIR
 10002 | D:10     | 10002 ||| UPGRADING to +0 pair of gloves.
 10045 | Lair:1   | Entered Level 1 of the Lair of Beasts
 10050 | Lair:1   | 10050 ||| Stepping ~*~*~tactically~*~*~ (stealth).
 10051 | Lair:1   | 10051 ||| INVOKING Heroism.
 10085 | Lair:1   | 10085 ||| INVOKING Heroism.
 10217 | Lair:1   | 10217 ||| READING 2 scrolls of enchant armour.
 10217 | Lair:1   | 10217 ||| ENCHANTING +0 pair of gloves.
 10218 | Lair:1   | 10218 ||| READING scroll of enchant armour.
 10218 | Lair:1   | 10218 ||| ENCHANTING +1 pair of gloves.
 10260 | Lair:1   | 10260 ||| INVOKING Heroism.
 10296 | Lair:1   | 10296 ||| INVOKING Heroism.
 10426 | Lair:1   | 10426 ||| INVOKING Heroism.
 10437 | Lair:1   | Reached skill level 6 in Invocations
 10529 | Lair:1   | 10529 ||| Stepping ~*~*~tactically~*~*~ (stealth).
 10530 | Lair:1   | 10530 ||| Stepping ~*~*~tactically~*~*~ (stealth).
 10532 | Lair:1   | 10532 ||| Stepping ~*~*~tactically~*~*~ (stealth).
 10534 | Lair:1   | 10534 ||| INVOKING Heroism.
 10538 | Lair:1   | 10538 ||| Stepping ~*~*~tactically~*~*~ (stealth).
 10560 | Lair:1   | 10560 ||| INVOKING Heroism.
 10567 | Lair:1   | Received a gift from Okawaru
 10576 | Lair:1   | Reached XP level 12. HP: 49/72 MP: 15/17
 10645 | Lair:1   | Reached skill level 13 in Shields
 10677 | Lair:1   | 10677 ||| Stepping ~*~*~tactically~*~*~ (stealth).
 10867 | Lair:1   | Noticed a six-headed hydra
 10868 | Lair:1   | 10868 ||| INVOKING Heroism.
 10869 | Lair:1   | 10869 ||| SWAPPING to +2 morningstar.
 10877 | Lair:1   | Killed a six-headed hydra
 10878 | Lair:1   | 10878 ||| SWAPPING to +1 broad axe.
 10942 | Lair:1   | 10942 ||| READING scroll of enchant weapon.
 10942 | Lair:1   | 10942 ||| ENCHANTING +1 broad axe.
 10947 | Lair:1   | Noticed a skyshark
 10956 | Lair:1   | 10956 ||| INVOKING Heroism.
 10961 | Lair:1   | Killed a skyshark
 11418 | Lair:2   | 11418 ||| INVOKING Heroism.
 11450 | Lair:2   | 11450 ||| Stepping ~*~*~tactically~*~*~ (stealth).
 11500 | Lair:2   | 11500 ||| FLEEEEING.
 11556 | Lair:2   | Found a staircase to the Swamp.
 11557 | Lair:2   | 11557 ||| Stepping ~*~*~tactically~*~*~ (hiding).
 11561 | Lair:2   | 11561 ||| Stepping ~*~*~tactically~*~*~ (hiding).
 11562 | Lair:2   | 11562 ||| INVOKING Heroism.
 11572 | Lair:2   | Reached skill level 9 in Invocations
 11685 | Lair:2   | 11685 ||| Stepping ~*~*~tactically~*~*~ (stealth).
 11686 | Lair:2   | 11686 ||| Stepping ~*~*~tactically~*~*~ (stealth).
 11687 | Lair:2   | 11687 ||| INVOKING Heroism.
 11687 | Lair:2   | Noticed a skyshark
 11705 | Lair:2   | Killed a skyshark
 11723 | Lair:2   | Reached ***** piety under Okawaru
 11771 | Lair:2   | Noticed a boulder beetle
 11772 | Lair:2   | 11772 ||| INVOKING Heroism.
 11774 | Lair:2   | 11774 ||| Stepping ~*~*~tactically~*~*~ (stealth).
 11784 | Lair:2   | 11784 ||| INVOKING Finesse.
 11785 | Lair:2   | 11785 ||| INVOKING Finesse.
 11804 | Lair:2   | Killed a boulder beetle
 11866 | Lair:2   | 11866 ||| INVOKING Heroism.
 11959 | Lair:2   | Identified the +3 ring mail of Feadunaq {rN+}
 11962 | Lair:2   | 11962 ||| INVOKING Heroism.
 11969 | Lair:2   | Received a gift from Okawaru
 11993 | Lair:2   | Found a dark tunnel.
 11999 | Lair:2   | 11999 ||| READING scroll of enchant weapon.
 11999 | Lair:2   | 11999 ||| ENCHANTING +2 broad axe.
 12089 | Lair:2   | 12089 ||| INVOKING Heroism.
 12243 | Lair:2   | 12243 ||| INVOKING Heroism.
 12429 | Lair:2   | 12429 ||| Stepping ~*~*~tactically~*~*~ (stealth).
 12431 | Lair:2   | 12431 ||| Stepping ~*~*~tactically~*~*~ (stealth).
 12440 | Lair:2   | 12440 ||| Stepping ~*~*~tactically~*~*~ (stealth).
 12553 | Lair:2   | 12553 ||| INVOKING Heroism.
 12560 | Lair:2   | Reached XP level 13. HP: 78/78 MP: 18/20
 12560 | Lair:2   | 12560 ||| Stepping ~*~*~tactically~*~*~ (stealth).
 12567 | Lair:2   | 12567 ||| Stepping ~*~*~tactically~*~*~ (stealth).
 12573 | Lair:2   | 12573 ||| Stepping ~*~*~tactically~*~*~ (stealth).
 12696 | Lair:2   | 12696 ||| INVOKING Heroism.
 12974 | Lair:3   | 12974 ||| INVOKING Heroism.
 13079 | Lair:3   | Found a staircase to the Snake Pit.
 13083 | Lair:3   | 13083 ||| Stepping ~*~*~tactically~*~*~ (stealth).
 13085 | Lair:3   | 13085 ||| Stepping ~*~*~tactically~*~*~ (hiding).
 13087 | Lair:3   | 13087 ||| Stepping ~*~*~tactically~*~*~ (hiding).
 13103 | Lair:3   | 13103 ||| Stepping ~*~*~tactically~*~*~ (hiding).
 13113 | Lair:3   | Reached skill level 9 in Fighting
 13268 | Lair:3   | 13268 ||| INVOKING Heroism.
 13271 | Lair:3   | 13271 ||| SWAPPING to +2 morningstar.
 13281 | Lair:3   | 13281 ||| SWAPPING to +3 broad axe.
 13332 | Lair:3   | 13332 ||| INVOKING Heroism.
 13340 | Lair:3   | Reached skill level 14 in Shields
 13600 | Lair:3   | 13600 ||| READING 3 scrolls labelled CAME WENUQ.
 13601 | Lair:3   | 13601 ||| DROPPING 2 scrolls of summoning.
 13638 | Lair:4   | 13638 ||| INVOKING Heroism.
 13770 | Lair:4   | 13770 ||| INVOKING Heroism.
 14092 | Lair:4   | 14092 ||| INVOKING Heroism.
 14096 | Lair:4   | 14096 ||| SWAPPING to +2 morningstar.
 14104 | Lair:4   | 14104 ||| SWAPPING to +3 broad axe.
 14150 | Lair:4   | 14150 ||| INVOKING Heroism.
 14169 | Lair:4   | Reached skill level 12 in Axes
 14411 | Lair:4   | 14411 ||| Stepping ~*~*~tactically~*~*~ (stealth).
 14412 | Lair:4   | 14412 ||| Stepping ~*~*~tactically~*~*~ (stealth).
 14416 | Lair:4   | 14416 ||| INVOKING Heroism.
 14420 | Lair:4   | 14420 ||| Stepping ~*~*~tactically~*~*~ (stealth).
 14433 | Lair:4   | Reached skill level 9 in Armour
 14754 | Lair:4   | 14754 ||| INVOKING Heroism.
 14755 | Lair:4   | 14755 ||| SWAPPING to +2 morningstar.
 14762 | Lair:4   | 14762 ||| SWAPPING to +3 broad axe.
 14924 | Lair:5   | Entered Level 5 of the Lair of Beasts
 14996 | Lair:5   | Found a viscous altar of Jiyva.
 14998 | Lair:5   | 14998 ||| Stepping ~*~*~tactically~*~*~ (stealth).
 15005 | Lair:5   | Found a staircase to the Slime Pits.
 15035 | Lair:5   | Received a gift from Okawaru
 15182 | Lair:5   | 15182 ||| INVOKING Heroism.
 15371 | Lair:5   | 15371 ||| INVOKING Heroism.
 15413 | Lair:5   | 15413 ||| INVOKING Heroism.
 15580 | Lair:5   | 15580 ||| INVOKING Heroism.
 15702 | Lair:5   | 15702 ||| INVOKING Heroism.
 15866 | Lair:5   | 15866 ||| Stepping ~*~*~tactically~*~*~ (hiding).
 15869 | Lair:5   | 15869 ||| INVOKING Heroism.
 15940 | Lair:5   | 15940 ||| Stepping ~*~*~tactically~*~*~ (stealth).
 15946 | Lair:5   | 15946 ||| INVOKING Heroism.
 15950 | Lair:5   | Gained mutation: Your large and strong wings let you fly.
                  | [Gargoyle growth]
 15950 | Lair:5   | Reached XP level 14. HP: 86/86 MP: 18/21
 16076 | Lair:5   | 16076 ||| INVOKING Heroism.
 16147 | Lair:5   | 16147 ||| INVOKING Heroism.
 16167 | Lair:5   | Received a gift from Okawaru
 16248 | Lair:5   | 16248 ||| Stepping ~*~*~tactically~*~*~ (stealth).
 16251 | Lair:5   | 16251 ||| INVOKING Heroism.
 16384 | Lair:5   | 16384 ||| INVOKING Heroism.
 16765 | Lair:5   | 16765 ||| PLANNING D:1-11
 17025 | D:11     | Noticed Fannar
 17045 | D:11     | 17045 ||| INVOKING Heroism.
 17051 | D:11     | Killed Fannar
 17778 | D:11     | 17778 ||| PLANNING D
 17778 | D:11     | 17778 ||| READING 10 scrolls of identify.
 17778 | D:11     | 17778 ||| IDENTIFYING glowing purple potion
 17779 | D:11     | 17779 ||| DROPPING potion of berserk rage.
 17880 | D:12     | Received a gift from Okawaru
 18184 | D:12     | 18184 ||| Stepping ~*~*~tactically~*~*~ (stealth).
 18324 | D:12     | 18324 ||| READING scroll of enchant armour.
 18324 | D:12     | 18324 ||| ENCHANTING +1 plate armour.
 18461 | D:13     | 18461 ||| INVOKING Heroism.
 18475 | D:13     | HP: 11/88 [very large slime creature (40)]
 18476 | D:13     | 18476 ||| READING 3 scrolls of teleportation.
 18477 | D:13     | 18477 ||| DRINKING potion of heal wounds.
 18480 | D:13     | Reached skill level 15 in Shields
 18543 | D:13     | 18543 ||| INVOKING Heroism.
 18703 | D:13     | Found a transporter.
 18705 | D:13     | Found a transporter.
 18705 | D:13     | Noticed Ined's ghost (journeyman MiBe)
 18712 | D:13     | 18712 ||| INVOKING Heroism.
 18721 | D:13     | 18721 ||| SWAPPING to +2 morningstar.
 18740 | D:13     | HP: 21/88 [vampire mosquito (5)]
 18741 | D:13     | 18741 ||| READING 2 scrolls of teleportation.
 18741 | D:13     | HP: 10/88 [six-headed hydra[a boggart] (11)]
 18741 | D:13     | Slain by a tengu warrior

Levels and vault maps discovered:
D:1:      amcnicky_arrival_gap_in_the_tavern_cellar, layout_rooms,
          basic_ecumenical_altar, serial_shops, nicolae_shop_behind_doors,
          amethyst_killhole, minmay_misc_feat_chi
D:2:      minmay_evil_eye, layout_basic, chequers_serial_rivers_room_b,
          uniq_robin
D:3:      layout_basic, nicolae_uskayaw_murder_on_the_dancefloor,
          mainiacjoe_overflow_surrounded_room, portal_sewer_entry_e,
          nicolae_hexahallways
D:4:      minmay_polygon_palace, layout_basic, mainiacjoe_overflow_catwalk,
          okawaru_metal_pillars_3, minmay_manual_mail, uniq_edmund
D:5:      layout_rooms, xom_butterflies, minmay_temple_entry_waves, uniq_grinder
D:6:      layout_basic, lightli_temple_of_fire, uniq_eustachio
D:7:      layout_cave_pools, good_gods_mini_temple, minmay_misc_feat_ornament,
          uniq_prince_ribbit1
D:8:      layout_rooms, nicolae_qazlal_beasts_of_the_sky
D:9:      wad_statue_garden, layout_basic, nemelex_spade_bored_becter,
          orc_0_dummy, serial_rivers, chequers_serial_rivers_small_b,
          chequers_serial_rivers_marsh, chequers_serial_rivers_small_a,
          chequers_serial_rivers_micro_e, chequers_serial_rivers_micro_d,
          chequers_serial_rivers_micro_e, hangedman_minor_gate_pass
D:10:     layout_basic, mainiacjoe_overflow_boulevard, david_lair_shrubbed,
          david_greed
D:11:     layout_irregular_city, uniq_fannar
D:12:     layout_roguey, kennysheep_cross_room
D:13:     layout_loops_ring, gammafunk_ghost_hive,
          amcnicky_mini_rare_corridor_liquid, elves_outpost_lemuel
Lair:1:   layout_cave_pods, infiniplex_staircase_pool, grunt_megastairs_4,
          serial_bayou_shore_b
Lair:2:   layout_loops_ring, skrybe_swamp_entry_bodies,
          nicolae_volcano_entry_two_sided, hibernation_bobbens
Lair:3:   layout_hall_layers, guppyfry_snake_entry_garden, serial_bayou_shore_b
Lair:4:   layout_cave_pods, lemuel_fruit_tree
Lair:5:   evilmike_catoblepas_cave, layout_long_grid,
          nicolae_slime_entry_slimehenge

Skill      XL: |  1  2  3  4  5  6  7  8  9 10 11 12 13 14 |
---------------+-------------------------------------------+-----
Axes           | 2 3 4 5 6 7 9 10 11 12 13 | 13.0
Shields        | 4 5 8 10 12 13 14 15 | 15.0
Throwing       | 1 2 3 4 5 |  5.0
Invocations    | 1 4 7 10 | 10.0
Fighting       | 4 5 6 7 8 9 10 | 10.1
Dodging        | 1 2 |  2.4
Armour         | 4 5 7 8 9 |  9.0

Action                     |  1- 3 |  4- 6 |  7- 9 | 10-12 | 13-15 || total
---------------------------+-------+-------+-------+-------+-------++-------
  Melee: War axe           |    80 |   190 |   284 |   161 |       ||   715
         Broad axe         |       |       |       |   488 |   490 ||   978
         Morningstar       |       |       |       |     8 |    40 ||    48
  Throw: Javelin           |       |    22 |    35 |    48 |    67 ||   172
         Boomerang         |       |     3 |    36 |    43 |    73 ||   155
 Invoke: Heroism           |       |       |    14 |    29 |    25 ||    68
         Finesse           |       |       |       |     1 |       ||     1
    Use: Scroll            |     5 |     7 |     1 |    15 |     5 ||    33
         Potion            |       |     6 |     4 |     3 |     1 ||    14
 Armour: Scale mail        |    50 |   127 |       |       |       ||   177
         Chain mail        |       |    12 |    65 |       |       ||    77
         Plate armour      |       |       |    54 |   366 |   312 ||   732
  Dodge: Dodged            |    40 |   109 |    43 |   168 |   120 ||   480
  Block: Buckler           |     6 |       |       |       |       ||     6
         Kite shield       |    22 |   117 |       |       |       ||   139
         Tower shield      |       |       |   240 |   717 |   485 ||  1442

Table legend:
 A = Non-vault XP
 B = Vault XP
 C = Vault XP percentage of total XP
 D = Non-vault monster count
 E = Vault monster count
 F = Vault count percentage of total count
                 A         B        C        D         E       F
            +---------+---------+-------+---------+---------+-------
      Total |   49594 |   20499 |  29.2 |     307 |     118 |  27.8
            +---------+---------+-------+---------+---------+-------
        D:1 |      42 |       0 |   0.0 |      19 |       0 |   0.0
        D:2 |      37 |      65 |  63.7 |      13 |      16 |  55.2
        D:3 |      68 |       0 |   0.0 |      13 |       0 |   0.0
        D:4 |     338 |     434 |  56.2 |      11 |      22 |  66.7
        D:5 |     595 |     272 |  31.4 |      17 |       1 |   5.6
        D:6 |     320 |     197 |  38.1 |       7 |       1 |  12.5
        D:7 |     970 |     268 |  21.6 |      10 |       1 |   9.1
        D:8 |    2257 |     124 |   5.2 |      31 |       1 |   3.1
        D:9 |    2637 |    3315 |  55.7 |      28 |      20 |  41.7
       D:10 |    1412 |     343 |  19.5 |      14 |       1 |   6.7
       D:11 |    1557 |     857 |  35.5 |      12 |       1 |   7.7
       D:12 |    2947 |       0 |   0.0 |      13 |       0 |   0.0
       D:13 |     996 |       0 |   0.0 |       3 |       0 |   0.0
     Lair:1 |    7150 |    2374 |  24.9 |      25 |      11 |  30.6
     Lair:2 |    8811 |     697 |   7.3 |      32 |       1 |   3.0
     Lair:3 |    6264 |     323 |   4.9 |      24 |       2 |   7.7
     Lair:4 |    8512 |       0 |   0.0 |      21 |       0 |   0.0
     Lair:5 |    4681 |   11067 |  70.3 |      14 |      29 |  67.4
      Sewer |       0 |     163 | 100.0 |       0 |      11 | 100.0
            +---------+---------+-------+---------+---------+-------
